AoeStats
← 知耻而后勇喜笑颜开

Coastal Forest

503118253Analyzed
2v2 RM · 1mo ago on Aug 30, 2026· 16m 31s· 4 players
Game mode
Random Map
Map size
Medium (4 player)
Population
200
Speed
Normal
Resources
Standard
Victory
Conquest
Starting age
Dark Age
Ending age
Imperial Age
RankedLock teamsTeams togetherTeam positionsShared explorationLock speedFull tech treeHidden civsTurbo modeCheats
Victory
Defeat
1106
+13
🇨🇳 Berbers · China
997
+18
🇨🇳 Japanese · China
1062
-17
🇹🇷 Franks · Türkiye
1033
-15
ME_KA-19
10:28 Feudal Age
8:47 Loom
10:59 Double-Bit Axe
Rex Incognito
3:50 Loom
12:22 Feudal Age
知耻而后勇喜笑颜开
8:59 Feudal Age
9:25 Double-Bit Axe
9:27 Loom
10:32 Wheelbarrow
13:15 Fletching
15:05 Padded Archer Armor
16:56 Gold Mining
重庆kris
4:28 Loom
12:55 Feudal Age
15:46 Town Watch
Connection lost

Rejoining the realm…

Still unreachable

The connection could not be restored.

Session expired

The server has moved on; the page needs a fresh start.